 Dungeon Crawl Stone Soup version 0.31-a0-876-gfe8ebadbca (webtiles) character file.

Game seed: 9198916576873207492

105 Gergoth the Magician (level 5, -1/39 HPs)
             Began as a Djinni Hedge Wizard on Oct 13, 2023.
             Slain by Terence
             ... wielding a +2 hand axe of electrocution
              (19 damage)
             ... on level 2 of the Dungeon.
             The game lasted 00:02:44 (773 turns).

Gergoth the Magician (Djinni Hedge Wizard)           Turns: 773, Time: 00:02:44

Health: -1/39      AC:  2    Str:  9    XL:     5   Next: 8%
Gold:   32         EV: 12    Int: 18    God:
                   SH:  0    Dex: 12

rFire   + + .        a - +0 dagger
rCold   x . .        (no shield)
rNeg    . . .        b - +0 robe
rPois   ∞            c - +0 hat
rElec   .            (no cloak)
rCorr   .            (no gloves)
SInv    .            (boots unavailable)
Will    .....        (no amulet)
Stlth   ++           (no ring)
HPRegen 0.26/turn    (no ring)
MPRegen 0.00/turn

%: infuse magic (-2 HP)
@: flying
A: sickness immunity, fire resistance 2, cold vulnerability 1, float, innate
caster, HP casting, extra vitality 1
a: no special abilities


You were on level 2 of the Dungeon.
You visited 1 branch of the dungeon, and saw 2 of its levels.

You collected 32 gold pieces.

Inventory:

Hand Weapons
 a - a +0 dagger (weapon)
Armour
 b - a +0 robe (worn)
 c - a +0 hat (worn)
 g - a +0 scale mail
 j - a +0 leather armour
 k - a +0 robe
 m - a +0 scale mail
Scrolls
 d - a scroll of torment {unknown}
 h - a scroll of identify {unknown}
Potions
 e - a potion of enlightenment {unknown}
 f - a potion of magic {unknown}
 i - a potion of resistance {unknown}
 l - a potion of brilliance {unknown}


   Skills:
 * Level 2.6 Fighting
 + Level 1.7 Armour
 + Level 3.1 Dodging
 - Level 1.5 Stealth
 + Level 3.1 Spellcasting
 + Level 3.1 Conjurations
 + Level 3.1 Hexes
 + Level 3.1 Summonings
 + Level 3.1 Necromancy
 + Level 3.1 Translocations
 + Level 3.1 Transmutations
 + Level 3.1 Fire Magic
 + Level 3.1 Ice Magic
 + Level 3.1 Air Magic
 + Level 3.1 Earth Magic
 + Level 3.1 Poison Magic


You knew the following spells:

 Your Spells              Type           Power      Damage    Failure   Level
a - Magic Dart            Conj           56%        1d5       4%          1
b - Slow                  Hex            56%        N/A       4%          1
c - Blink                 Tloc           28%        N/A       7%          2
d - Call Imp              Summ           28%        N/A       7%          2
e - Mephitic Cloud        Conj/Pois/Air  14%        N/A       14%         3
f - Sandblast             Erth           28%        2d8       4%          1
g - Lesser Beckoning      Tloc           28%        N/A       7%          2
Your spell library was empty.

Dungeon Overview and Level Annotations

Branches:
Dungeon (2/15)

Altars:

Annotations:
D:2 Terence


Innate Abilities, Weirdness & Mutations

You are immune to sickness and miasma.
You are immune to poison.
Your flesh is very heat resistant. (rF++)
You are vulnerable to cold. (rC-)
You float through the air rather than walking.
You learn spells naturally, not from books.
Your magical power is your life essence.
You have superior vitality. (+4 MHP)


Message History

You kill the adder!
You have reached level 5!
The power to cast Lesser Beckoning wells up from within.
Spell assigned to 'g'.
Your magical contamination has completely faded away.
You see here an adder corpse.
You see here a giant cockroach corpse.
You now have 32 gold pieces (gained 10).
Terence and a quokka come into view.
Terence is wielding a +2 hand axe of electrocution.
Terence shouts!
A worm comes into view.
There are monsters nearby!
Casting: Magic Dart (safe; 4% risk of failure)
Confirm with . or Enter, or press ? or * to list all spells.
Aiming: Sandblast (safe; 4% risk of failure)
Press: ? - help, Shift-Dir - straight line, f - Terence
Aim: Terence, wielding a +2 hand axe of electrocution and wearing a +0 ring mail (84% to hit)
The blast of sand hits Terence.
Terence is lightly wounded.
Casting: Sandblast (safe; 4% risk of failure)
Confirm with . or Enter, or press ? or * to list all spells.
Aiming: Sandblast (safe; 4% risk of failure)
Press: ? - help, Shift-Dir - straight line, f/p - Terence
Aim: Terence, wielding a +2 hand axe of electrocution and wearing a +0 ring mail (lightly wounded, 84% to hit)
The blast of sand misses Terence.
Terence closely misses you.
Terence hits you with a +2 hand axe of electrocution!
Casting: Sandblast (safe; 4% risk of failure)
Confirm with . or Enter, or press ? or * to list all spells.
Aiming: Sandblast (safe; 4% risk of failure)
Press: ? - help, Shift-Dir - straight line, f/p - Terence
Aim: Terence, wielding a +2 hand axe of electrocution and wearing a +0 ring mail (lightly wounded, 84% to hit)
The blast of sand hits Terence but does no damage.
Terence is lightly wounded.
Terence hits you with a +2 hand axe of electrocution!
Terence hits you with a +2 hand axe of electrocution.
Terence attacks as he pursues you!
Terence hits you with a +2 hand axe of electrocution.
You are electrocuted!!
You die...

......#.# #.# .....#.# #.' #
..w.#.############## #.
=..#>.............. #.
#'##..######......<
#.#####r##..# #.......
####.....#.##..######.......
#....†....@##.......'...)...
#......††..@..#######.......
#.........###.# ########
#.........+ ....
#.........#....##
#.........#....#
#.........#....#
###########....# ###+##


You could see Terence, a worm and a quokka.

Vanquished Creatures
  Natasha (D:2)
  2 adders (D:2)
  4 gnolls (D:2)
  5 ball pythons (D:1)
  An endoplasm (D:1)
  A giant cockroach (D:2)
  2 hobgoblins (D:1)
  2 quokkas (D:1)
  A bat (D:1)
  A frilled lizard (D:1)
  2 goblins
  A kobold (D:1)
  7 rats
30 creatures vanquished.

Notes
Turn   | Place    | Note
-------+----------+-------------------------------------------
     0 | D:1      | Gergoth the Djinni Hedge Wizard began the quest for the
                  | Orb.
     0 | D:1      | Gergoth set off with the following spells memorised: Magic
                  | Dart, Slow, Blink, Call Imp, Mephitic Cloud.
     0 | D:1      | Reached XP level 1. HP: 15/15 MP: 0/0
   106 | D:1      | Found a faded altar of an unknown god.
   133 | D:1      | Reached XP level 2. HP: 17/21 MP: 0/0
   293 | D:1      | Reached skill level 1 in Fighting
   351 | D:1      | You are sucked into a shaft and drop 1 floor!
   364 | D:2      | Reached XP level 3. HP: 22/27 MP: 0/0
   364 | D:2      | Learned a level 1 spell: Sandblast
   396 | D:2      | Reached skill level 1 in Armour
   398 | D:2      | Reached XP level 4. HP: 15/33 MP: 0/0
   484 | D:2      | Noticed Natasha
   491 | D:2      | Killed Natasha
   741 | D:2      | Reached XP level 5. HP: 34/39 MP: 0/0
   741 | D:2      | Learned a level 2 spell: Lesser Beckoning
   767 | D:2      | Noticed Terence
   773 | D:2      | Slain by Terence

Illustrated notes

Levels and vault maps discovered:
D:1:      psy_arrival_spokes, layout_basic, hellmonk_ecumenical_altar_lost_god
D:2:      layout_basic, uniq_natasha, uniq_terence

Skill      XL: |  1  2  3  4 |
---------------+-------------+-----
Fighting       | 1 2 |  2.6
Spellcasting   | 3 |  3.1
Conjurations   | 3 |  3.1
Hexes          | 3 |  3.1
Summonings     | 3 |  3.1
Necromancy     | 3 |  3.1
Translocations | 3 |  3.1
Transmutations | 3 |  3.1
Fire Magic     | 3 |  3.1
Ice Magic      | 3 |  3.1
Air Magic      | 3 |  3.1
Earth Magic    | 3 |  3.1
Poison Magic   | 3 |  3.1
Armour         | 1 |  1.7
Dodging        | 3 |  3.1
Stealth        | |  1.5

Action                     |  1- 3 |  4- 6 || total
---------------------------+-------+-------++-------
  Melee: Dagger            |     2 |       ||     2
   Cast: Magic Dart        |    48 |    10 ||    58
         Sandblast         |     2 |    16 ||    18
 Armour: Robe              |     7 |    11 ||    18
  Dodge: Dodged            |     5 |     6 ||    11

Table legend: (Time is in decaauts)
 A = Elapsed time spent in this place.
 B = Non-inter-level travel time spent in this place.
 C = Inter-level travel time spent in this place.
 D = Time resting spent in this place.
 E = Time spent auto-exploring this place.
 F = Levels seen in this place.
 G = Mean time per level.
                   A        B        C        D        E       F      G
               +--------+--------+--------+--------+--------+-----+--------+
         Total |    781 |    781 |      0 |    271 |    335 |   2 |  390.5 |
       Dungeon |    781 |    781 |      0 |    271 |    335 |   2 |  390.5 |
               +--------+--------+--------+--------+--------+-----+--------+

Top non-repeatable levels by time:
     D:2: 430 daAuts
     D:1: 351 daAuts
